WCHLSIM.com - West Coast Hockey League
html PUBLIC "-//W3C//DTD XHTML 1.0 Transitional//EN" "http://www.w3.org/TR/xhtml1/DTD/xhtml1-transitional.dtd"> WCHL - Game 20 - SACRAMENTO BANDITS vs NORTH DAKOTA HAWKS

SACRAMENTO BANDITS vs NORTH DAKOTA HAWKS

Created - 5 octobre 2019 at 11:33

Goals
1 2 3 T
SACRAMENTO BANDITS 4 1 1 6
NORTH DAKOTA HAWKS 0 0 0 0
Shots
1 2 3 T
SACRAMENTO BANDITS 8 9 18 35
NORTH DAKOTA HAWKS 3 7 5 15

1st period

1. SACRAMENTO BANDITS , Aleksander Barkov 1 (Mattias Ekholm 1) at 0:41
2. SACRAMENTO BANDITS , Aleksander Barkov 2 (Nikolaj Ehlers 2) at 10:23
3. SACRAMENTO BANDITS , Scott Laughton 1 (Aleksander Barkov 1, John Carlson 1) at 16:29
4. SACRAMENTO BANDITS , Jonathan Huberdeau 1 (Claude Giroux 1, John Carlson 2) at 18:49

Penalties :
Mattias Ekholm (SAC) for Roughing (Minor) at 6:54, Brendan Gallagher (NDH) for Roughing (Minor) at 14:28

2nd period

5. SACRAMENTO BANDITS , Nikolaj Ehlers 1 (Aleksander Barkov 2, Kevin Connauton 1) at 3:27

Penalties :
Zack Kassian (NDH) for Hooking (Minor) at 14:11, Aaron Ekblad (SAC) for Hooking (Minor) at 14:11

3rd period

6. SACRAMENTO BANDITS , Aleksander Barkov 3 (Jamie Benn 2, Nikolaj Ehlers 3) at 10:45

Penalties :
Zack Kassian (NDH) for Holding (Minor) at 12:00

Goalie Stats

Andrei Vasilevskiy (SAC), 15 saves from 15 shots - (1,000), W, 2-0-0, 60:00 minutes
Scott Darling (NDH), 29 saves from 35 shots - (0,829), L, 1-1-0, 60:00 minutes

Players Stats for SACRAMENTO BANDITS

Player Name              G  A  P  +/- PIM S  H  SB GA TA FO     MP     PP MP  PK MP  
------------------------------------------------------------------------------------
Aaron Ekblad             0  0  0   1  2   0  3  1  0  0  0/0    20:46   1:26   1:17 
Aleksander Barkov        3  2  5   4  0   6  0  0  0  0  15/22  20:07   1:58   0:48 
Antoine Roussel          0  0  0   1  0   1  2  0  0  0  0/0     5:48   0:00   0:48 
Claude Giroux            0  1  1   1  0   2  2  0  0  0  18/31  21:58   2:00   0:00 
Clayton Keller           0  0  0   0  0   1  0  0  0  0  0/1    10:53   0:00   0:00 
Ivan Provorov            0  0  0   1  0   0  0  1  0  0  0/0    22:39   0:37   1:25 
Jakub Voracek            0  0  0   1  0   0  0  0  0  0  0/0    21:58   2:00   0:00 
Jamie Benn               0  1  1   4  0   3  2  0  0  0  0/0    19:19   1:58   0:00 
Jayson Megna             0  0  0   1  0   0  0  0  0  0  0/0     5:00   0:00   0:00 
John Carlson             0  2  2   1  0   3  1  2  0  0  0/0    25:54   2:32   0:42 
Jonathan Huberdeau       1  0  1   1  0   5  1  0  0  0  1/1    21:58   2:00   0:00 
Jordan Martinook         0  0  0   0  0   2  3  0  0  0  3/11   12:04   0:00   1:11 
Jujhar Khaira            0  0  0   0  0   0  2  0  0  0  0/3    10:36   0:00   0:00 
Kevin Connauton          0  1  1   4  0   1  0  1  0  0  0/0    13:53   0:00   0:34 
Mattias Ekholm           0  1  1   1  2   2  2  2  0  0  0/0    22:38   2:32   0:00 
Nikolaj Ehlers           1  2  3   4  0   6  0  0  0  0  1/3    19:19   1:58   0:00 
Scott Laughton           1  0  1   1  0   3  0  0  0  0  5/8     7:02   0:00   1:11 
Vince Dunn               0  0  0   4  0   0  0  1  0  0  0/0    14:08   0:49   0:00 

Players Stats for NORTH DAKOTA HAWKS

Player Name              G  A  P  +/- PIM S  H  SB GA TA FO     MP     PP MP  PK MP  
------------------------------------------------------------------------------------
Brandon Sutter           0  0  0  -4  0   0  0  0  0  0  19/33  20:37   1:13   2:18 
Brendan Gallagher        0  0  0  -5  2   3  0  1  0  0  0/1    19:41   1:13   1:21 
Brendan Leipsic          0  0  0   0  0   2  0  1  0  0  1/3    13:09   0:46   0:50 
Brenden Dillon           0  0  0  -2  0   0  1  1  0  0  0/0    22:03   0:46   1:16 
Chase De Leo             0  0  0  -1  0   0  0  0  0  0  0/0    11:37   0:00   0:50 
Derek Grant              0  0  0   0  0   0  0  0  0  0  6/9    10:54   0:00   0:00 
Dougie Hamilton          0  0  0  -2  0   0  1  3  0  0  0/0    22:18   1:13   1:07 
Johnny Boychuk           0  0  0  -2  0   0  4  0  0  0  0/0    19:42   0:00   2:11 
Kenny Agostino           0  0  0  -4  0   5  0  0  0  0  0/1    18:27   1:13   1:28 
Lukas Radil              0  0  0  -1  0   1  1  1  0  0  0/1    11:15   0:00   0:28 
Marc Methot              0  0  0  -2  0   0  1  0  0  0  0/0    18:33   1:13   0:46 
Marc Staal               0  0  0  -3  0   1  1  3  0  0  0/0    25:06   0:00   2:04 
Martin Marincin          0  0  0  -1  0   1  0  0  0  0  0/0    11:16   0:00   0:16 
Matthew Nieto            0  0  0   0  0   1  0  0  0  0  0/0    16:18   0:46   0:57 
Michael Raffl            0  0  0  -1  0   0  0  0  0  0  2/13   10:47   0:00   0:00 
Nic Dowd                 0  0  0  -1  0   1  1  0  0  0  0/0    14:37   0:00   0:00 
Ryan Carpenter           0  0  0  -1  0   0  0  1  0  0  9/19   16:02   0:46   0:00 
Zack Kassian             0  0  0   0  4   0  1  0  0  0  0/0    11:38   0:46   0:00 

3 Stars

1 - Aleksander Barkov (SAC)
2 - Nikolaj Ehlers (SAC)
3 - Jamie Benn (SAC)

Power Play

SACRAMENTO BANDITS - 0 on 2 Attempt(s) - 0,00%
NORTH DAKOTA HAWKS - 0 on 1 Attempt(s) - 0,00%

Penalty Kill

SACRAMENTO BANDITS - 1 on 1 Attempt(s) - 100,00% - Score 0 goal in Penalty Kill
NORTH DAKOTA HAWKS - 2 on 2 Attempt(s) - 100,00% - Score 0 goal in Penalty Kill

Team Stat

SACRAMENTO BANDITS - Hits : 18 - Faceoff Wins : 43 - Blocked Shots : 8 - Penalty Minutes : 4
NORTH DAKOTA HAWKS - Hits : 11 - Faceoff Wins : 37 - Blocked Shots : 11 - Penalty Minutes : 6

Official

Referees : Brian Pochmara and Kyle Rehman
Linesman : Justin Verhaeghe and Anthony Giorgio

Game Notes

Aleksander Barkov has scored a Hat Trick!

Finance

Level 1 -- Attendance: 6000 (100,00%) -- Ticket Income 588 000 $
Level 2 -- Attendance: 5000 (100,00%) -- Ticket Income 275 000 $
Level 3 -- Attendance: 2000 (100,00%) -- Ticket Income 80 000 $
Level 4 -- Attendance: 4000 (100,00%) -- Ticket Income 100 000 $
Luxury Box -- Attendance: 881 (88,10%) -- Ticket Income 176 200 $
Total Attendance: 17881 (99,34%)
Total Ticket Income: 1 219 200 $
Other Income: 390 144 $
Total Income: 1 609 344 $

SACRAMENTO BANDITS

5 vs 5 Forward 
   Center                   Left Wing                Right Wing               Time % Phy DF OF 
 1 Claude Giroux            Jonathan Huberdeau       Jakub Voracek            38     0   2  3  
 2 Aleksander Barkov        Nikolaj Ehlers           Jamie Benn               33     0   2  3  
 3 Jordan Martinook         Jujhar Khaira            Clayton Keller           19     0   3  2  
 4 Scott Laughton           Antoine Roussel          Jayson Megna             10     0   3  2  

5 vs 5 Defense 
   Defense                  Defense                                           Time % Phy DF OF 
 1 John Carlson             Ivan Provorov                                     40     0   2  3  
 2 Aaron Ekblad             Mattias Ekholm                                    35     0   2  3  
 3 Vince Dunn               Kevin Connauton                                   25     0   5  0  
 4 John Carlson             Mattias Ekholm                                    0      1   2  2  

PowerPlay Forward 
   Center                   Left Wing                Right Wing               Time % Phy DF OF 
 1 Claude Giroux            Jonathan Huberdeau       Jakub Voracek            60     0   0  5  
 2 Aleksander Barkov        Nikolaj Ehlers           Jamie Benn               40     0   0  5  

PowerPlay Defense
   Defense                  Defense                                           Time % Phy DF OF 
 1 John Carlson             Mattias Ekholm                                    60     0   0  5  
 2 Aaron Ekblad             Vince Dunn                                        40     0   0  5  

Penalty Kill 4 Players Forward 
   Center                   Wing                     Time % Phy DF OF 
 1 Scott Laughton           Jordan Martinook         55     0   5  0  
 2 Aleksander Barkov        Antoine Roussel          45     0   5  0  

Penalty Kill 4 Players Defense
   Defense                  Defense                  Time % Phy DF OF 
 1 John Carlson             Ivan Provorov            55     0   5  0  
 2 Aaron Ekblad             Mattias Ekholm           45     0   5  0  

Penalty Kill - 3 Players Forward 
   Forward                                           Time % Phy DF OF 
 1 Jordan Martinook                                  55     0   5  0  
 2 Jamie Benn                                        45     0   5  0  

Penalty Kill - 3 Players Defense
   Defense                  Defense                  Time % Phy DF OF 
 1 Kevin Connauton          Vince Dunn               55     0   5  0  
 2 Aaron Ekblad             Mattias Ekholm           45     0   5  0  

4 vs 4 Forward 
   Center                   Wing                     Time % Phy DF OF 
 1 Jordan Martinook         Clayton Keller           55     0   2  3  
 2 Jujhar Khaira            Scott Laughton           45     0   2  3  

4 vs 4 Defense
   Defense                  Defense                  Time % Phy DF OF 
 1 Kevin Connauton          Vince Dunn               55     0   2  3  
 2 John Carlson             Mattias Ekholm           45     0   2  3  

Last Minutes Offensive
   Center                   Left Wing                Right Wing               Defense                  Defense                  
   Aleksander Barkov        Claude Giroux            Jakub Voracek            John Carlson             Aaron Ekblad             

Last Minutes Defensive
   Center                   Left Wing                Right Wing               Defense                  Defense                  
   Aleksander Barkov        Jordan Martinook         Claude Giroux            John Carlson             Aaron Ekblad             

Goaltenders
Starting : Andrei Vasilevskiy       
Backup : Ryan Miller              

Extra Forwards
Normal : Clayton Keller, Aleksander Barkov, Claude Giroux - PP : Clayton Keller, Jordan Martinook - PK : Aleksander Barkov
Extra Defensemen
Normal : Vince Dunn, Kevin Connauton, Aaron Ekblad - PP : John Carlson - PK : Aaron Ekblad, Mattias Ekholm
Penalty Shots
Aleksander Barkov, Jonathan Huberdeau, Claude Giroux, Jakub Voracek, Jamie Benn
Custom OT Lines Forwards
Claude Giroux, Jonathan Huberdeau, Jakub Voracek, Aleksander Barkov, Jamie Benn, Scott Laughton, Nikolaj Ehlers, Jujhar Khaira, Clayton Keller, Jordan Martinook
Custom OT Lines Defensemen
John Carlson, Aaron Ekblad, Vince Dunn, Mattias Ekholm, Kevin Connauton

Scratches
Drake Caggiula (Healthy)

NORTH DAKOTA HAWKS

5 vs 5 Forward 
   Center                   Left Wing                Right Wing               Time % Phy DF OF 
 1 Brandon Sutter           Kenny Agostino           Brendan Gallagher        30     1   2  2  
 2 Ryan Carpenter           Matthew Nieto            Nic Dowd                 27     1   2  2  
 3 Derek Grant              Brendan Leipsic          Zack Kassian             22     1   2  2  
 4 Michael Raffl            Lukas Radil              Chase De Leo             21     0   4  1  

5 vs 5 Defense 
   Defense                  Defense                                           Time % Phy DF OF 
 1 Brenden Dillon           Dougie Hamilton                                   36     1   2  2  
 2 Marc Staal               Johnny Boychuk                                    33     1   2  2  
 3 Martin Marincin          Marc Methot                                       20     1   2  2  
 4 Marc Staal               Marc Methot                                       11     1   2  2  

PowerPlay Forward 
   Center                   Left Wing                Right Wing               Time % Phy DF OF 
 1 Brandon Sutter           Kenny Agostino           Brendan Gallagher        65     1   2  2  
 2 Ryan Carpenter           Matthew Nieto            Zack Kassian             35     1   2  2  

PowerPlay Defense
   Defense                  Defense                                           Time % Phy DF OF 
 1 Dougie Hamilton          Marc Methot                                       65     1   2  2  
 2 Brenden Dillon           Brendan Leipsic                                   35     1   2  2  

Penalty Kill 4 Players Forward 
   Center                   Wing                     Time % Phy DF OF 
 1 Brandon Sutter           Brendan Gallagher        55     1   2  2  
 2 Brendan Leipsic          Kenny Agostino           45     1   2  2  

Penalty Kill 4 Players Defense
   Defense                  Defense                  Time % Phy DF OF 
 1 Dougie Hamilton          Marc Staal               55     1   2  2  
 2 Brenden Dillon           Johnny Boychuk           45     1   2  2  

Penalty Kill - 3 Players Forward 
   Forward                                           Time % Phy DF OF 
 1 Brendan Gallagher                                 55     1   2  2  
 2 Brandon Sutter                                    45     1   2  2  

Penalty Kill - 3 Players Defense
   Defense                  Defense                  Time % Phy DF OF 
 1 Dougie Hamilton          Marc Methot              55     1   2  2  
 2 Brenden Dillon           Martin Marincin          45     1   2  2  

4 vs 4 Forward 
   Center                   Wing                     Time % Phy DF OF 
 1 Brandon Sutter           Brendan Gallagher        55     1   2  2  
 2 Ryan Carpenter           Brendan Leipsic          45     1   2  2  

4 vs 4 Defense
   Defense                  Defense                  Time % Phy DF OF 
 1 Brenden Dillon           Dougie Hamilton          55     1   2  2  
 2 Marc Staal               Marc Methot              45     1   2  2  

Last Minutes Offensive
   Center                   Left Wing                Right Wing               Defense                  Defense                  
   Brandon Sutter           Ryan Carpenter           Brendan Gallagher        Brenden Dillon           Dougie Hamilton          

Last Minutes Defensive
   Center                   Left Wing                Right Wing               Defense                  Defense                  
   Brandon Sutter           Ryan Carpenter           Brendan Gallagher        Brenden Dillon           Dougie Hamilton          

Goaltenders
Starting : Scott Darling            
Backup : Eric Comrie              

Extra Forwards
Normal : Brendan Gallagher, Brendan Leipsic, Brandon Sutter - PP : Brendan Gallagher, Brandon Sutter - PK : Brendan Gallagher
Extra Defensemen
Normal : Brenden Dillon, Dougie Hamilton, Marc Staal - PP : Dougie Hamilton - PK : Marc Methot, Dougie Hamilton
Penalty Shots
Brendan Gallagher, Ryan Carpenter, Brendan Leipsic, Brandon Sutter, Nic Dowd
Custom OT Lines Forwards
Brendan Leipsic, Ryan Carpenter, Nic Dowd, Brandon Sutter, Derek Grant, Zack Kassian, Brendan Gallagher, Kenny Agostino, Michael Raffl, Lukas Radil
Custom OT Lines Defensemen
Dougie Hamilton, Brenden Dillon, Marc Staal, Johnny Boychuk, Marc Methot

Scratches
Dominik Masin (Healthy), Jack Dougherty (Healthy), Quinton Hughes (Healthy), Jordan Murray (Healthy), Phillip DiGiuseppe (Healthy)
Tim Clifton (Healthy), Scott Wedgewood (Healthy)

% Time on Ice - SACRAMENTO BANDITS

Lines # - Real PCT - Wanted PCT - Time Play
Normal Forward
1 - 38% - 38% - 19:58
2 - 33% - 33% - 17:21
3 - 19% - 19% - 9:45
4 - 10% - 10% - 5:00
Normal Defense
1 - 40% - 40% - 20:37
2 - 35% - 35% - 18:04
3 - 23% - 25% - 12:11
4 - 2% - 0% - 1:12
PP Forward
1 - 50% - 60% - 2:00
2 - 50% - 40% - 1:58
PP Defense
1 - 64% - 60% - 2:32
2 - 36% - 40% - 1:26
PK Forward
1 - 60% - 55% - 1:11
2 - 40% - 45% - 0:48
PK Defense
1 - 24% - 55% - 0:28
2 - 76% - 45% - 1:31
PK3 Forward
1 - 0% - 55%
2 - 0% - 45%
PK3 Defense
1 - 0% - 55%
2 - 0% - 45%
44 Forward
1 - 57% - 55% - 1:08
2 - 43% - 45% - 0:51
44 Defense
1 - 57% - 55% - 1:08
2 - 43% - 45% - 0:51
Last Minute Offensive  - 0:00
Last Minute Defensive  - 0:00
Total
Forward - 60:00
Defense - 60:00

% Time on Ice - NORTH DAKOTA HAWKS

Lines # - Real PCT - Wanted PCT - Time Play
Normal Forward
1 - 30% - 30% - 15:46
2 - 28% - 27% - 14:37
3 - 21% - 22% - 10:54
4 - 21% - 21% - 10:47
Normal Defense
1 - 36% - 36% - 18:58
2 - 34% - 33% - 17:31
3 - 21% - 20% - 11:00
4 - 9% - 11% - 4:35
PP Forward
1 - 61% - 65% - 1:13
2 - 39% - 35% - 0:46
PP Defense
1 - 61% - 65% - 1:13
2 - 39% - 35% - 0:46
PK Forward
1 - 84% - 55% - 3:20
2 - 16% - 45% - 0:38
PK Defense
1 - 59% - 55% - 2:20
2 - 41% - 45% - 1:38
PK3 Forward
1 - 0% - 55%
2 - 0% - 45%
PK3 Defense
1 - 0% - 55%
2 - 0% - 45%
44 Forward
1 - 67% - 55% - 1:20
2 - 33% - 45% - 0:39
44 Defense
1 - 50% - 55% - 1:00
2 - 50% - 45% - 0:59
Last Minute Offensive  - 0:00
Last Minute Defensive  - 0:00
Total
Forward - 60:00
Defense - 60:00

Play-by-Play

1st period


0:01 of 1st period - Brandon Sutter wins face-off versus Claude Giroux in neutral zone.
0:01 of 1st period - Brandon Sutter is hit by Claude Giroux.
0:12 of 1st period - Brendan Gallagher is hit by John Carlson.
0:14 of 1st period - Shot by Kenny Agostino.
0:14 of 1st period - Shot Misses the Net.
0:22 of 1st period - Shot by Claude Giroux.
0:22 of 1st period - Shot Misses the Net.
0:27 of 1st period - Icing by Brenden Dillon.
0:28 of 1st period - Aleksander Barkov wins face-off versus Brandon Sutter in NORTH DAKOTA HAWKS zone.
0:33 of 1st period - Shot by Jamie Benn.
0:33 of 1st period - Shot Blocked by Brendan Gallagher.
0:41 of 1st period - Shot by Aleksander Barkov.
0:41 of 1st period - Goal by Aleksander Barkov - SACRAMENTO BANDITS : 1 - NORTH DAKOTA HAWKS : 0.
0:42 of 1st period - Jordan Martinook wins face-off versus Ryan Carpenter in neutral zone.
1:19 of 1st period - Shot by Matthew Nieto.
1:19 of 1st period - Shot Misses the Net.
2:55 of 1st period - Shot by Dougie Hamilton.
2:55 of 1st period - Shot Blocked by Mattias Ekholm.
2:57 of 1st period - Shot by Dougie Hamilton.
2:57 of 1st period - Shot Misses the Net.
2:59 of 1st period - Shot by Lukas Radil.
2:59 of 1st period - Stopped by Andrei Vasilevskiy without a rebound.
3:00 of 1st period - Brandon Sutter wins face-off versus Claude Giroux in SACRAMENTO BANDITS zone.
3:06 of 1st period - Icing by Ivan Provorov.
3:07 of 1st period - Claude Giroux wins face-off versus Brandon Sutter in SACRAMENTO BANDITS zone.
3:28 of 1st period - Shot by Jonathan Huberdeau.
3:28 of 1st period - Shot Misses the Net.
3:30 of 1st period - Shot by John Carlson.
3:30 of 1st period - Stopped by Scott Darling without a rebound.
3:31 of 1st period - Scott Laughton wins face-off versus Michael Raffl in NORTH DAKOTA HAWKS zone.
3:34 of 1st period - Shot by Scott Laughton.
3:34 of 1st period - Shot Misses the Net.
3:36 of 1st period - Shot by Mattias Ekholm.
3:36 of 1st period - Stopped by Scott Darling without a rebound.
3:37 of 1st period - Ryan Carpenter wins face-off versus Claude Giroux in NORTH DAKOTA HAWKS zone.
5:12 of 1st period - Icing by Aaron Ekblad.
5:13 of 1st period - Brandon Sutter wins face-off versus Aleksander Barkov in SACRAMENTO BANDITS zone.
5:18 of 1st period - Shot by Kenny Agostino.
5:18 of 1st period - Stopped by Andrei Vasilevskiy without a rebound.
5:19 of 1st period - Scott Laughton wins face-off versus Brandon Sutter in SACRAMENTO BANDITS zone.
6:24 of 1st period - Off-side.
6:25 of 1st period - Aleksander Barkov wins face-off versus Ryan Carpenter in neutral zone.
6:35 of 1st period - Matthew Nieto is hit by Aaron Ekblad.
6:40 of 1st period - Matthew Nieto is hit by Aaron Ekblad and loses puck.
6:54 of 1st period - Minor Penalty to Mattias Ekholm for Roughing.
6:55 of 1st period - Jordan Martinook wins face-off versus Brandon Sutter in SACRAMENTO BANDITS zone.
7:01 of 1st period - Icing by Brendan Gallagher.
7:02 of 1st period - Brandon Sutter wins face-off versus Scott Laughton in NORTH DAKOTA HAWKS zone.
9:01 of 1st period - Icing by John Carlson.
9:02 of 1st period - Claude Giroux wins face-off versus Michael Raffl in SACRAMENTO BANDITS zone.
9:18 of 1st period - Michael Raffl is hit by Jonathan Huberdeau and loses puck.
10:21 of 1st period - Shot by Nikolaj Ehlers.
10:21 of 1st period - Shot Misses the Net.
10:23 of 1st period - Shot by Aleksander Barkov.
10:23 of 1st period - Goal by Aleksander Barkov - SACRAMENTO BANDITS : 2 - NORTH DAKOTA HAWKS : 0.
10:24 of 1st period - Derek Grant wins face-off versus Clayton Keller in neutral zone.
10:34 of 1st period - Off-side.
10:35 of 1st period - Aleksander Barkov wins face-off versus Brandon Sutter in neutral zone.
11:40 of 1st period - Shot by Jonathan Huberdeau.
11:40 of 1st period - Stopped by Scott Darling without a rebound.
11:41 of 1st period - Derek Grant wins face-off versus Jordan Martinook in NORTH DAKOTA HAWKS zone.
14:00 of 1st period - Icing by Kevin Connauton.
14:01 of 1st period - Brandon Sutter wins face-off versus Claude Giroux in SACRAMENTO BANDITS zone.
14:28 of 1st period - Minor Penalty to Brendan Gallagher for Roughing.
14:29 of 1st period - Brandon Sutter wins face-off versus Aleksander Barkov in NORTH DAKOTA HAWKS zone.
14:48 of 1st period - Shot by John Carlson.
14:48 of 1st period - Shot Blocked by Marc Staal.
14:50 of 1st period - Shot by John Carlson.
14:50 of 1st period - Shot Blocked by Marc Staal.
16:27 of 1st period - Shot by Aleksander Barkov.
16:27 of 1st period - Shot Misses the Net.
16:29 of 1st period - Shot by Scott Laughton.
16:29 of 1st period - Goal by Scott Laughton - SACRAMENTO BANDITS : 3 - NORTH DAKOTA HAWKS : 0.
16:30 of 1st period - Scott Laughton wins face-off versus Ryan Carpenter in neutral zone.
16:51 of 1st period - Shot by Antoine Roussel.
16:51 of 1st period - Shot Misses the Net.
16:58 of 1st period - Icing by Martin Marincin.
16:59 of 1st period - Ryan Carpenter wins face-off versus Jordan Martinook in NORTH DAKOTA HAWKS zone.
17:08 of 1st period - Nic Dowd is hit by Jordan Martinook and loses puck.
17:22 of 1st period - Icing by Martin Marincin.
17:23 of 1st period - Ryan Carpenter wins face-off versus Scott Laughton in NORTH DAKOTA HAWKS zone.
17:55 of 1st period - Shot by Kenny Agostino.
17:55 of 1st period - Stopped by Andrei Vasilevskiy without a rebound.
17:56 of 1st period - Aleksander Barkov wins face-off versus Michael Raffl in SACRAMENTO BANDITS zone.
18:03 of 1st period - Shot by Aleksander Barkov.
18:03 of 1st period - Shot Blocked by Dougie Hamilton.
18:19 of 1st period - Shot by Aleksander Barkov.
18:19 of 1st period - Shot Blocked by Dougie Hamilton.
18:21 of 1st period - Shot by Kevin Connauton.
18:21 of 1st period - Stopped by Scott Darling without a rebound.
18:22 of 1st period - Brandon Sutter wins face-off versus Claude Giroux in NORTH DAKOTA HAWKS zone.
18:47 of 1st period - Shot by Claude Giroux.
18:47 of 1st period - Deflect By Jonathan Huberdeau.
18:47 of 1st period - Shot Misses the Net.
18:49 of 1st period - Shot by Jonathan Huberdeau.
18:49 of 1st period - Goal by Jonathan Huberdeau - SACRAMENTO BANDITS : 4 - NORTH DAKOTA HAWKS : 0.
18:50 of 1st period - Aleksander Barkov wins face-off versus Derek Grant in neutral zone.
Goals for this period are 4 for SACRAMENTO BANDITS vs 0 for NORTH DAKOTA HAWKS.
Shots for this period are 8 for SACRAMENTO BANDITS vs 3 for NORTH DAKOTA HAWKS.

2nd period


0:01 of 2nd period - Claude Giroux wins face-off versus Ryan Carpenter in neutral zone.
0:06 of 2nd period - Shot by Jonathan Huberdeau.
0:06 of 2nd period - Stopped by Scott Darling without a rebound.
0:07 of 2nd period - Brandon Sutter wins face-off versus Claude Giroux in NORTH DAKOTA HAWKS zone.
0:31 of 2nd period - Icing by Johnny Boychuk.
0:32 of 2nd period - Brandon Sutter wins face-off versus Aleksander Barkov in NORTH DAKOTA HAWKS zone.
1:22 of 2nd period - Shot by Nic Dowd.
1:22 of 2nd period - Stopped by Andrei Vasilevskiy without a rebound.
1:23 of 2nd period - Michael Raffl wins face-off versus Claude Giroux in SACRAMENTO BANDITS zone.
1:59 of 2nd period - Icing by Ivan Provorov.
2:00 of 2nd period - Ryan Carpenter wins face-off versus Claude Giroux in SACRAMENTO BANDITS zone.
2:23 of 2nd period - Shot by Claude Giroux.
2:23 of 2nd period - Shot Misses the Net.
2:47 of 2nd period - Mattias Ekholm is hit by Nic Dowd and loses puck.
3:05 of 2nd period - Shot by Clayton Keller.
3:05 of 2nd period - Shot Blocked by Brenden Dillon.
3:07 of 2nd period - Shot by Jordan Martinook.
3:07 of 2nd period - Stopped by Scott Darling without a rebound.
3:08 of 2nd period - Aleksander Barkov wins face-off versus Brandon Sutter in NORTH DAKOTA HAWKS zone.
3:11 of 2nd period - Shot by Nikolaj Ehlers.
3:11 of 2nd period - Stopped by Scott Darling without a rebound.
3:12 of 2nd period - Aleksander Barkov wins face-off versus Brandon Sutter in NORTH DAKOTA HAWKS zone.
3:19 of 2nd period - Shot by Nikolaj Ehlers.
3:19 of 2nd period - Stopped by Scott Darling with a rebound.
3:27 of 2nd period - Shot by Nikolaj Ehlers.
3:27 of 2nd period - Goal by Nikolaj Ehlers - SACRAMENTO BANDITS : 5 - NORTH DAKOTA HAWKS : 0.
3:28 of 2nd period - Claude Giroux wins face-off versus Lukas Radil in neutral zone.
4:25 of 2nd period - Icing by Marc Staal.
4:26 of 2nd period - Aleksander Barkov wins face-off versus Michael Raffl in NORTH DAKOTA HAWKS zone.
4:45 of 2nd period - Shot by Nikolaj Ehlers.
4:45 of 2nd period - Deflect By Aleksander Barkov.
4:45 of 2nd period - Stopped by Scott Darling without a rebound.
4:46 of 2nd period - Brandon Sutter wins face-off versus Jujhar Khaira in NORTH DAKOTA HAWKS zone.
5:00 of 2nd period - Shot by Brendan Gallagher.
5:00 of 2nd period - Stopped by Andrei Vasilevskiy without a rebound.
5:01 of 2nd period - Ryan Carpenter wins face-off versus Nikolaj Ehlers in SACRAMENTO BANDITS zone.
5:33 of 2nd period - Shot by Jamie Benn.
5:33 of 2nd period - Shot Misses the Net.
6:58 of 2nd period - Brendan Gallagher is hit by Jujhar Khaira and loses puck.
7:32 of 2nd period - Shot by Marc Staal.
7:32 of 2nd period - Stopped by Andrei Vasilevskiy without a rebound.
7:33 of 2nd period - Aleksander Barkov wins face-off versus Michael Raffl in SACRAMENTO BANDITS zone.
7:45 of 2nd period - Shot by Nikolaj Ehlers.
7:45 of 2nd period - Stopped by Scott Darling with a rebound.
8:01 of 2nd period - Shot by Jamie Benn.
8:01 of 2nd period - Stopped by Scott Darling without a rebound.
8:02 of 2nd period - Claude Giroux wins face-off versus Derek Grant in NORTH DAKOTA HAWKS zone.
8:21 of 2nd period - Shot by Claude Giroux.
8:21 of 2nd period - Shot Blocked by Brendan Leipsic.
8:42 of 2nd period - Icing by Marc Staal.
8:43 of 2nd period - Derek Grant wins face-off versus Aleksander Barkov in NORTH DAKOTA HAWKS zone.
9:27 of 2nd period - Off-side.
9:28 of 2nd period - Claude Giroux wins face-off versus Ryan Carpenter in neutral zone.
10:30 of 2nd period - Icing by John Carlson.
10:31 of 2nd period - Claude Giroux wins face-off versus Brandon Sutter in SACRAMENTO BANDITS zone.
10:40 of 2nd period - Shot by Brendan Gallagher.
10:40 of 2nd period - Stopped by Andrei Vasilevskiy with a rebound.
10:42 of 2nd period - Shot by Brendan Gallagher.
10:42 of 2nd period - Deflect By Kenny Agostino.
10:42 of 2nd period - Shot Misses the Net.
11:00 of 2nd period - Shot by Aleksander Barkov.
11:00 of 2nd period - Shot Misses the Net.
11:34 of 2nd period - Shot by Zack Kassian.
11:34 of 2nd period - Shot Misses the Net.
11:36 of 2nd period - Shot by Derek Grant.
11:36 of 2nd period - Deflect By Brendan Leipsic.
11:36 of 2nd period - Shot Misses the Net.
12:20 of 2nd period - Matthew Nieto is hit by Antoine Roussel and loses puck.
13:07 of 2nd period - Icing by John Carlson.
13:08 of 2nd period - Brandon Sutter wins face-off versus Jordan Martinook in SACRAMENTO BANDITS zone.
13:50 of 2nd period - Shot by Brendan Gallagher.
13:50 of 2nd period - Deflect By Kenny Agostino.
13:50 of 2nd period - Stopped by Andrei Vasilevskiy without a rebound.
13:51 of 2nd period - Claude Giroux wins face-off versus Michael Raffl in SACRAMENTO BANDITS zone.
13:58 of 2nd period - Michael Raffl is hit by Aaron Ekblad and loses puck.
14:04 of 2nd period - Icing by Mattias Ekholm.
14:05 of 2nd period - Derek Grant wins face-off versus Claude Giroux in SACRAMENTO BANDITS zone.
14:11 of 2nd period - Minor Penalty to Zack Kassian for Hooking.
14:11 of 2nd period - Minor Penalty to Aaron Ekblad for Hooking.
14:12 of 2nd period - Brandon Sutter wins face-off versus Jordan Martinook in SACRAMENTO BANDITS zone.
15:22 of 2nd period - Off-side.
15:23 of 2nd period - Brandon Sutter wins face-off versus Jujhar Khaira in neutral zone.
16:04 of 2nd period - Shot by Brendan Leipsic.
16:04 of 2nd period - Stopped by Andrei Vasilevskiy without a rebound.
16:05 of 2nd period - Jordan Martinook wins face-off versus Brendan Leipsic in SACRAMENTO BANDITS zone.
16:31 of 2nd period - Aleksander Barkov is hit by Johnny Boychuk and loses puck.
16:41 of 2nd period - Jamie Benn is hit by Marc Staal.
16:54 of 2nd period - Icing by Marc Staal.
16:55 of 2nd period - Claude Giroux wins face-off versus Michael Raffl in NORTH DAKOTA HAWKS zone.
16:55 of 2nd period - Jakub Voracek is hit by Johnny Boychuk and loses puck.
17:03 of 2nd period - Claude Giroux is hit by Johnny Boychuk and loses puck.
17:15 of 2nd period - Jakub Voracek is hit by Johnny Boychuk and loses puck.
18:03 of 2nd period - Icing by Brendan Gallagher.
18:04 of 2nd period - Aleksander Barkov wins face-off versus Brandon Sutter in NORTH DAKOTA HAWKS zone.
18:07 of 2nd period - Shot by Nikolaj Ehlers.
18:07 of 2nd period - Stopped by Scott Darling without a rebound.
18:08 of 2nd period - Ryan Carpenter wins face-off versus Aleksander Barkov in NORTH DAKOTA HAWKS zone.
19:13 of 2nd period - Shot by Brendan Gallagher.
19:13 of 2nd period - Deflect By Kenny Agostino.
19:13 of 2nd period - Shot Blocked by Kevin Connauton.
19:15 of 2nd period - Shot by Brendan Gallagher.
19:15 of 2nd period - Stopped by Andrei Vasilevskiy without a rebound.
19:16 of 2nd period - Claude Giroux wins face-off versus Derek Grant in SACRAMENTO BANDITS zone.
19:16 of 2nd period - Claude Giroux is hit by Zack Kassian.
19:41 of 2nd period - Brendan Leipsic is hit by Mattias Ekholm and loses puck.
Goals for this period are 1 for SACRAMENTO BANDITS vs 0 for NORTH DAKOTA HAWKS.
Shots for this period are 9 for SACRAMENTO BANDITS vs 7 for NORTH DAKOTA HAWKS.

3rd period


0:01 of 3rd period - Brandon Sutter wins face-off versus Claude Giroux in neutral zone.
0:19 of 3rd period - Icing by Marc Staal.
0:20 of 3rd period - Aleksander Barkov wins face-off versus Brandon Sutter in NORTH DAKOTA HAWKS zone.
0:41 of 3rd period - Shot by Brendan Gallagher.
0:41 of 3rd period - Shot Blocked by Aaron Ekblad.
0:49 of 3rd period - Shot by Jamie Benn.
0:49 of 3rd period - Shot Misses the Net.
1:40 of 3rd period - Shot by Matthew Nieto.
1:40 of 3rd period - Stopped by Andrei Vasilevskiy with a rebound.
1:42 of 3rd period - Shot by Matthew Nieto.
1:42 of 3rd period - Deflect By Ryan Carpenter.
1:42 of 3rd period - Shot Misses the Net.
1:44 of 3rd period - Shot by Ryan Carpenter.
1:44 of 3rd period - Shot Misses the Net.
1:46 of 3rd period - Shot by Nic Dowd.
1:46 of 3rd period - Shot Hit the Post.
2:02 of 3rd period - Shot by Brendan Leipsic.
2:02 of 3rd period - Shot Misses the Net.
2:57 of 3rd period - Clayton Keller is hit by Marc Methot and loses puck.
3:01 of 3rd period - Icing by Martin Marincin.
3:02 of 3rd period - Scott Laughton wins face-off versus Michael Raffl in NORTH DAKOTA HAWKS zone.
3:03 of 3rd period - Shot by Antoine Roussel.
3:03 of 3rd period - Stopped by Scott Darling with a rebound.
4:05 of 3rd period - Shot by Aleksander Barkov.
4:05 of 3rd period - Stopped by Scott Darling without a rebound.
4:06 of 3rd period - Claude Giroux wins face-off versus Ryan Carpenter in NORTH DAKOTA HAWKS zone.
4:07 of 3rd period - Shot by Jakub Voracek.
4:07 of 3rd period - Shot Misses the Net.
4:29 of 3rd period - Shot by Jonathan Huberdeau.
4:29 of 3rd period - Shot Blocked by Marc Staal.
5:31 of 3rd period - Shot by Aleksander Barkov.
5:31 of 3rd period - Stopped by Scott Darling without a rebound.
5:32 of 3rd period - Brandon Sutter wins face-off versus Jordan Martinook in NORTH DAKOTA HAWKS zone.
5:32 of 3rd period - Brandon Sutter is hit by Jordan Martinook.
5:37 of 3rd period - Brendan Gallagher is hit by Jordan Martinook and loses puck.
5:54 of 3rd period - Shot by Clayton Keller.
5:54 of 3rd period - Stopped by Scott Darling without a rebound.
5:55 of 3rd period - Brendan Leipsic wins face-off versus Claude Giroux in NORTH DAKOTA HAWKS zone.
5:55 of 3rd period - Brendan Leipsic is hit by Claude Giroux.
6:53 of 3rd period - Shot by Jamie Benn.
6:53 of 3rd period - Deflect By Aleksander Barkov.
6:53 of 3rd period - Shot Misses the Net.
7:22 of 3rd period - Shot by Nikolaj Ehlers.
7:22 of 3rd period - Stopped by Scott Darling without a rebound.
7:23 of 3rd period - Ryan Carpenter wins face-off versus Jujhar Khaira in NORTH DAKOTA HAWKS zone.
7:31 of 3rd period - Icing by Aaron Ekblad.
7:32 of 3rd period - Brandon Sutter wins face-off versus Jordan Martinook in SACRAMENTO BANDITS zone.
7:33 of 3rd period - Shot by Brendan Gallagher.
7:33 of 3rd period - Deflect By Kenny Agostino.
7:33 of 3rd period - Shot Misses the Net.
7:55 of 3rd period - Shot by Jordan Martinook.
7:55 of 3rd period - Stopped by Scott Darling without a rebound.
7:56 of 3rd period - Claude Giroux wins face-off versus Ryan Carpenter in NORTH DAKOTA HAWKS zone.
8:21 of 3rd period - Icing by John Carlson.
8:22 of 3rd period - Claude Giroux wins face-off versus Brandon Sutter in SACRAMENTO BANDITS zone.
8:31 of 3rd period - Shot by Brendan Gallagher.
8:31 of 3rd period - Shot Misses the Net.
8:33 of 3rd period - Shot by Kenny Agostino.
8:33 of 3rd period - Shot Blocked by John Carlson.
8:37 of 3rd period - Shot by Kenny Agostino.
8:37 of 3rd period - Stopped by Andrei Vasilevskiy with a rebound.
8:45 of 3rd period - Shot by Brandon Sutter.
8:45 of 3rd period - Shot Blocked by John Carlson.
8:47 of 3rd period - Shot by Brandon Sutter.
8:47 of 3rd period - Shot Misses the Net.
8:49 of 3rd period - Shot by Martin Marincin.
8:49 of 3rd period - Stopped by Andrei Vasilevskiy without a rebound.
8:50 of 3rd period - Nikolaj Ehlers wins face-off versus Michael Raffl in SACRAMENTO BANDITS zone.
8:50 of 3rd period - Nikolaj Ehlers is hit by Lukas Radil.
9:04 of 3rd period - Shot by Dougie Hamilton.
9:04 of 3rd period - Shot Blocked by Mattias Ekholm.
9:09 of 3rd period - Icing by Aleksander Barkov.
9:10 of 3rd period - Ryan Carpenter wins face-off versus Nikolaj Ehlers in SACRAMENTO BANDITS zone.
9:32 of 3rd period - Shot by Jamie Benn.
9:32 of 3rd period - Stopped by Scott Darling with a rebound.
9:34 of 3rd period - Shot by Mattias Ekholm.
9:34 of 3rd period - Stopped by Scott Darling without a rebound.
9:35 of 3rd period - Brandon Sutter wins face-off versus Claude Giroux in NORTH DAKOTA HAWKS zone.
9:42 of 3rd period - Shot by Brendan Gallagher.
9:42 of 3rd period - Shot Blocked by Ivan Provorov.
9:45 of 3rd period - Icing by John Carlson.
9:46 of 3rd period - Claude Giroux wins face-off versus Michael Raffl in SACRAMENTO BANDITS zone.
10:03 of 3rd period - Shot by Jonathan Huberdeau.
10:03 of 3rd period - Shot Misses the Net.
10:21 of 3rd period - Shot by Jakub Voracek.
10:21 of 3rd period - Shot Misses the Net.
10:23 of 3rd period - Shot by Claude Giroux.
10:23 of 3rd period - Stopped by Scott Darling without a rebound.
10:24 of 3rd period - Aleksander Barkov wins face-off versus Brandon Sutter in NORTH DAKOTA HAWKS zone.
10:28 of 3rd period - Nikolaj Ehlers is hit by Brenden Dillon and loses puck.
10:43 of 3rd period - Shot by Jamie Benn.
10:43 of 3rd period - Shot Misses the Net.
10:45 of 3rd period - Shot by Aleksander Barkov.
10:45 of 3rd period - Goal by Aleksander Barkov - SACRAMENTO BANDITS : 6 - NORTH DAKOTA HAWKS : 0.
10:46 of 3rd period - Ryan Carpenter wins face-off versus Jordan Martinook in neutral zone.
11:07 of 3rd period - Johnny Boychuk is hit by Jujhar Khaira and loses puck.
11:19 of 3rd period - Ryan Carpenter is hit by Mattias Ekholm and loses puck.
11:37 of 3rd period - Icing by Brenden Dillon.
11:38 of 3rd period - Derek Grant wins face-off versus Aleksander Barkov in NORTH DAKOTA HAWKS zone.
11:38 of 3rd period - Derek Grant is hit by Jamie Benn.
11:43 of 3rd period - Dougie Hamilton is hit by Jamie Benn and loses puck.
12:00 of 3rd period - Minor Penalty to Zack Kassian for Holding.
12:01 of 3rd period - Brandon Sutter wins face-off versus Claude Giroux in NORTH DAKOTA HAWKS zone.
12:27 of 3rd period - Shot by Jonathan Huberdeau.
12:27 of 3rd period - Deflect By Claude Giroux.
12:27 of 3rd period - Stopped by Scott Darling without a rebound.
12:28 of 3rd period - Aleksander Barkov wins face-off versus Brendan Leipsic in NORTH DAKOTA HAWKS zone.
12:41 of 3rd period - Shot by John Carlson.
12:41 of 3rd period - Stopped by Scott Darling without a rebound.
12:42 of 3rd period - Claude Giroux wins face-off versus Brandon Sutter in NORTH DAKOTA HAWKS zone.
13:19 of 3rd period - Shot by Claude Giroux.
13:19 of 3rd period - Shot Misses the Net.
13:21 of 3rd period - Shot by John Carlson.
13:21 of 3rd period - Stopped by Scott Darling without a rebound.
13:22 of 3rd period - Brandon Sutter wins face-off versus Aleksander Barkov in NORTH DAKOTA HAWKS zone.
13:39 of 3rd period - Shot by Aleksander Barkov.
13:39 of 3rd period - Shot Blocked by Dougie Hamilton.
13:43 of 3rd period - Shot by Jamie Benn.
13:43 of 3rd period - Stopped by Scott Darling without a rebound.
13:44 of 3rd period - Jonathan Huberdeau wins face-off versus Brandon Sutter in NORTH DAKOTA HAWKS zone.
14:07 of 3rd period - Shot by Antoine Roussel.
14:07 of 3rd period - Shot Misses the Net.
14:09 of 3rd period - Shot by Scott Laughton.
14:09 of 3rd period - Shot Blocked by Lukas Radil.
14:11 of 3rd period - Shot by Vince Dunn.
14:11 of 3rd period - Deflect By Scott Laughton.
14:11 of 3rd period - Stopped by Scott Darling without a rebound.
14:12 of 3rd period - Aleksander Barkov wins face-off versus Ryan Carpenter in NORTH DAKOTA HAWKS zone.
14:17 of 3rd period - Shot by Jamie Benn.
14:17 of 3rd period - Shot Blocked by Ryan Carpenter.
14:32 of 3rd period - Icing by Ivan Provorov.
14:33 of 3rd period - Aleksander Barkov wins face-off versus Brendan Gallagher in SACRAMENTO BANDITS zone.
15:28 of 3rd period - Shot by Brendan Leipsic.
15:28 of 3rd period - Stopped by Andrei Vasilevskiy without a rebound.
15:29 of 3rd period - Claude Giroux wins face-off versus Michael Raffl in SACRAMENTO BANDITS zone.
15:36 of 3rd period - Shot by Claude Giroux.
15:36 of 3rd period - Shot Misses the Net.
15:38 of 3rd period - Shot by Jonathan Huberdeau.
15:38 of 3rd period - Shot Misses the Net.
15:46 of 3rd period - Shot by Jakub Voracek.
15:46 of 3rd period - Shot Misses the Net.
15:48 of 3rd period - Shot by Kevin Connauton.
15:48 of 3rd period - Shot Misses the Net.
15:50 of 3rd period - Shot by Jonathan Huberdeau.
15:50 of 3rd period - Stopped by Scott Darling without a rebound.
15:51 of 3rd period - Derek Grant wins face-off versus Scott Laughton in NORTH DAKOTA HAWKS zone.
15:51 of 3rd period - Brendan Leipsic is hit by Antoine Roussel and loses puck.
16:21 of 3rd period - Shot by Scott Laughton.
16:21 of 3rd period - Shot Misses the Net.
16:27 of 3rd period - Shot by Scott Laughton.
16:27 of 3rd period - Stopped by Scott Darling without a rebound.
16:28 of 3rd period - Claude Giroux wins face-off versus Kenny Agostino in NORTH DAKOTA HAWKS zone.
16:50 of 3rd period - Shot by Brendan Gallagher.
16:50 of 3rd period - Shot Blocked by Vince Dunn.
16:53 of 3rd period - Icing by Kevin Connauton.
16:54 of 3rd period - Claude Giroux wins face-off versus Ryan Carpenter in SACRAMENTO BANDITS zone.
17:07 of 3rd period - Shot by Jonathan Huberdeau.
17:07 of 3rd period - Stopped by Scott Darling without a rebound.
17:08 of 3rd period - Michael Raffl wins face-off versus Jordan Martinook in NORTH DAKOTA HAWKS zone.
18:22 of 3rd period - Claude Giroux is hit by Dougie Hamilton and loses puck.
18:35 of 3rd period - Shot by Kenny Agostino.
18:35 of 3rd period - Stopped by Andrei Vasilevskiy with a rebound.
19:07 of 3rd period - Shot by Ryan Carpenter.
19:07 of 3rd period - Shot Misses the Net.
19:20 of 3rd period - Icing by Marc Staal.
19:21 of 3rd period - Scott Laughton wins face-off versus Ryan Carpenter in NORTH DAKOTA HAWKS zone.
Goals for this period are 1 for SACRAMENTO BANDITS vs 0 for NORTH DAKOTA HAWKS.
Shots for this period are 18 for SACRAMENTO BANDITS vs 5 for NORTH DAKOTA HAWKS.


JOHNNY
GAUDREAU
MATTHEW
BOLDY
OWEN
TIPPETT

EAST COAST

HOCKEY LEAGUE

  • 29.PIT6MAN7
  • 30.ATL6NHW2
  • 31.WOR4PET3
  • 32.3RHI4
  • 33.CHIQUE
  • 34.LIMCHA
  • 35.LONTRV
  • 36.BALCHW